 Dungeon Crawl Stone Soup version 0.31.0-11-ge490571c62 (webtiles) character file.

Game seed: 10496032600204214701

15 qw the Shooter (level 2, 0/14 HPs)
             Began as a Spriggan Hunter on Feb 5, 2024.
             Succumbed to their own poison gas
             ... on level 1 of the Dungeon.
             The game lasted 00:00:16 (709 turns).

qw the Shooter (Spriggan Hunter)                     Turns: 709, Time: 00:00:17

Health: 0/14       AC:  2    Str:  7    XL:     2   Next: 34%
Magic:  3/3        EV: 19    Int: 10    God:
Gold:   9          SH:  0    Dex: 18    Spells: 1/1 levels left

rFire   . . .        a - +0 shortbow
rCold   . . .        (shield currently unavailable)
rNeg    . . .        c - +0 robe
rPois   .            (helmet restricted)
rElec   .            (no cloak)
rCorr   .            (gloves unavailable)
SInv    +            (boots unavailable)
Will    +....        (no amulet)
Stlth   ++           k - ring of willpower
HPRegen 0.22/turn    (no ring)
MPRegen 0.08/turn

%: no passive effects
@: lethally poisoned (0 -> -7), very quick
A: very small, no large weapons, unfitting armour, see invisible, speed 3
a: no special abilities


You were on level 1 of the Dungeon.
You visited 1 branch of the dungeon, and saw 1 of its levels.

You collected 9 gold pieces.


Innate Abilities, Weirdness & Mutations

You are very small and have problems with some larger weapons.
You are too small for most types of armour.
You have supernaturally acute eyesight. (SInv)
You cover ground extremely quickly. (Speed+++)


   Skills:
 - Level 1.5 Fighting
 + Level 4.0 Ranged Weapons
 - Level 4.0 Dodging
 - Level 1.5 Stealth


You had one spell level left.
You didn't know any spells.
Your spell library was empty.

Inventory:

Hand Weapons
 a - a +0 shortbow (weapon)
Armour
 c - a +0 robe (worn)
Jewellery
 k - a ring of willpower (left hand)
Potions
 f - a potion of heal wounds
 h - a potion of enlightenment {unknown}

Dungeon Overview and Level Annotations

Branches:
Dungeon (1/15)

Altars:


Message History

Done exploring.
704 ||| DROPPING potion of berserk rage.
You drop a potion of berserk rage.
Done exploring.
What level of the Dungeon? (default 1, ? - help) Sorry, I don't know how to get there.
Enter note:
Enter note:
Enter note:
Enter note:
Enter note:
Enter note:
Enter note:
Enter note:
Enter note:
Enter note:
Enter note:
Enter note:
Enter note:
Enter note:
Enter note:
Enter note:
Enter note:
Enter note:
Enter note:
Enter note:
Enter note: You are engulfed in poison gas.
You are lethally poisoned!
You feel very sick.
706 ||| Stepping ~*~*~tactically~*~*~ (cloud).
You feel sick.
Things that are here:
a potion of berserk rage; a scroll of butterflies
There is a lethal amount of poison in your body!
You feel very sick.
There is a lethal amount of poison in your body!
You feel sick.
There is a lethal amount of poison in your body!
You die...

..##########........# #.#### #.#
..##########........# #.#..# #.#
..##.<.##..#...###### #.#..# #.#
..##...##..#¤..###### #.#..# #.#
#..#'####..#.¤.....¤# #.#..# #=#
#....####..#.#0####0####.#..# #.#
..#.....##'#.#.¤¤¤¤¤¤0¤¤.#..# #.#
####.......#..##¤¤0¤¤¤¤0>#..# #.#
..####+#..¤0¤0¤¤@¤¤¤¤¤¤¤....# #.#
#.#....#'#¤¤00#####¤##¤#....# #.#
..#....'.###..# #.##.#....# #.#
############..### #.#..#....# #.#
................# #)#.##....###.#
...####.#######)###...##.........
#.......##....#...#........######
........##.##.#.#....###..##
..............#...######..#


There were no monsters in sight!

Vanquished Creatures
  2 ball pythons (D:1)
  3 kobolds (D:1)
  A quokka (D:1)
  3 bats (D:1)
  A frilled lizard (D:1)
  2 goblins (D:1)
  3 rats (D:1)
15 creatures vanquished.

Notes
Turn   | Place    | Note
-------+----------+-------------------------------------------
     0 | D:1      | qw the Spriggan Hunter began the quest for the Orb.
     0 | D:1      | Reached XP level 1. HP: 10/10 MP: 2/2
     0 | D:1      | 0 ||| qw: Version: 0.3-a-160-g6735b56
     0 | D:1      | 0 ||| qw: Game counter: 6576
     0 | D:1      | 0 ||| qw: Melee chars always use a shield: true
     0 | D:1      | 0 ||| qw: God list: Okawaru
     0 | D:1      | 0 ||| qw: Allow faded altars: false
     0 | D:1      | 0 ||| qw: Do Orc after clearing Dungeon:15 true
     0 | D:1      | 0 ||| qw: Do second Lair branch before Depths: true
     0 | D:1      | 0 ||| qw: Lair rune preference: random
     0 | D:1      | 0 ||| qw: Goals: Normal
     0 | D:1      | 0 ||| PLANNING D:1-11
    33 | D:1      | Reached skill level 3 in Dodging
   220 | D:1      | Reached XP level 2. HP: 14/14 MP: 3/3
   693 | D:1      | 693 ||| DROPPING ring of flight.
   694 | D:1      | 694 ||| UPGRADING to ring of willpower.
   695 | D:1      | 695 ||| READING scroll labelled VETOASH KEGIO.
   700 | D:1      | 700 ||| READING 2 scrolls labelled CYUWKI COME.
   700 | D:1      | 700 ||| IDENTIFYING lumpy ruby potion
   701 | D:1      | 701 ||| READING scroll of identify.
   701 | D:1      | 701 ||| IDENTIFYING clear potion
   702 | D:1      | 702 ||| READING scroll labelled ESHRAI TUGHEFE.
   703 | D:1      | 703 ||| DROPPING scroll of butterflies.
   704 | D:1      | 704 ||| DROPPING potion of berserk rage.
   706 | D:1      | 706 ||| Stepping ~*~*~tactically~*~*~ (cloud).
   707 | D:1      | HP: 3/14 [poisoned by you (poison gas)]
   709 | D:1      | Succumbed to their own poison gas

Levels and vault maps discovered:
D:1:      dpeg_arrival_short_road, layout_basic, chequers_serial_rivers_micro_d

Skill      XL: |  1  2 |
---------------+-------+-----
Dodging        | 3 4 |  4.0
Fighting       | |  1.5
Ranged Weapons | |  4.0
Stealth        | |  1.5

Action                     || total
---------------------------++-------
   Fire: Shortbow          ||    59
    Use: Scroll            ||     4
 Armour: Robe              ||     6
  Dodge: Dodged            ||    46

Table legend:
 A = Non-vault XP
 B = Vault XP
 C = Vault XP percentage of total XP
 D = Non-vault monster count
 E = Vault monster count
 F = Vault count percentage of total count
                 A         B        C        D         E       F
            +---------+---------+-------+---------+---------+-------
      Total |      22 |       0 |   0.0 |      15 |       0 |   0.0
            +---------+---------+-------+---------+---------+-------
        D:1 |      22 |       0 |   0.0 |      15 |       0 |   0.0
            +---------+---------+-------+---------+---------+-------
